 Dungeon Crawl Stone Soup version 0.29.1-12-g30fa7ad0bf (webtiles) character file.

Game seed: 14167434652602629293

1124 kingofthe the Ducker (level 8, -2/41 HPs)
             Began as a Deep Elf Conjurer on Jan 15, 2023.
             Was an Initiate of Sif Muna.
             Slain by Pikel
             ... wielding a +1 whip of freezing
              (6 damage)
             ... on level 4 of the Dungeon.
             The game lasted 00:20:11 (5457 turns).

kingofthe the Ducker (Deep Elf Conjurer)            Turns: 5457, Time: 00:20:12

Health: -2/41      AC:  4    Str:  4    XL:     8   Next: 13%
Magic:  5/19       EV: 14    Int: 24    God:    Sif Muna [......]
Gold:   270        SH:  0    Dex: 15    Spells: 11/20 levels left

rFire   + . .      SeeInvis .   a - +5 dagger
rCold   . . .      Faith    .   (no shield)
rNeg    . . .      Spirit   .   l - +1 leather armour of the Trees {rElec}
rPois   .          Reflect  .   (no helmet)
rElec   +          Harm     .   (no cloak)
rCorr   +          Rampage  .   (no gloves)
Will    .....                   (no boots)
Stlth   ++........              (no amulet)
HPRegen 0.13/turn               t - ring of protection from fire
MPRegen 0.16/turn               v - ring of resist corrosion

@: no status effects
A: no striking features
a: Renounce Religion


You were on level 4 of the Dungeon.
You worshipped Sif Muna.
Sif Muna was noncommittal.
You visited 1 branch of the dungeon, and saw 6 of its levels.

You collected 270 gold pieces.

Inventory:

Hand Weapons
 a - a +5 dagger (weapon)
 e - a +0 dagger
 p - a +0 trident
 x - a +0 spear
Armour
 l - the +1 leather armour of the Trees (worn) {rElec}
   (You took it off a gnoll on level 1 of the Dungeon)

   rElec:     It insulates you from electricity.
 y - a +0 robe
Magical Staves
 b - a staff of cold
Jewellery
 o - an amulet of faith
 t - a ring of protection from fire (left hand)
 v - a ring of resist corrosion (right hand)
 w - a ring of ice
Wands
 q - a wand of polymorph (4)
Scrolls
 d - 2 scrolls of acquirement {unknown}
 f - a scroll of immolation {unknown}
 g - 3 scrolls of torment {unknown}
 h - 6 scrolls of identify {unknown}
 j - a scroll of poison {unknown}
 r - a scroll of vulnerability {unknown}
 s - 4 scrolls of magic mapping {unknown}
 u - a scroll of silence {unknown}
 A - a scroll of noise {unknown}
 B - a scroll of teleportation {unknown}
Potions
 c - 5 potions of curing {unknown}
 i - 2 potions of might
 k - 3 potions of heal wounds {unknown}
 m - a potion of resistance {unknown}
 n - a potion of magic
 z - 2 potions of flight {unknown}


   Skills:
 + Level 0.5 Armour
 + Level 7.9 Dodging
 - Level 3.5 Stealth
 + Level 6.6 Spellcasting
 + Level 5.3 Conjurations
 + Level 3.2 Summonings
 - Level 2.5 Air Magic


You had 11 spell levels left.
You knew the following spells:

 Your Spells              Type           Power      Damage    Failure   Level
a - Magic Dart            Conj           100%       1d8       1%          1
b - Shock                 Conj/Air       100%       1d9       2%          1
c - Call Canine Familiar  Summ           23%        N/A       11%         3
d - Summon Small Mammal   Summ           92%        N/A       3%          1
e - Apportation           Tloc           14%        N/A       14%         1
z - Searing Ray           Conj           66%        2d6       2%          2

Your spell library contained the following spells:

 Spells                   Type           Power      Damage    Failure   Level
 Sandblast                Erth           14%        2d6       14%         1
 Dazzling Flash           Conj/Hex       40%        N/A       14%         3
 Stone Arrow              Conj/Erth      40%        3d9       14%         3
 Passwall                 Tmut/Erth      5%         N/A       21%         2
 Summon Guardian Golem    Hex/Summ       15%        N/A       21%         3
 Fulminant Prism          Conj/Hex       10%        3d9       41%         4
 Iskenderun's Mystic Bla  Conj/Tloc      20%        2d6       41%         4
 Alistair's Intoxication  Tmut/Pois      4%         N/A       98%         5


Dungeon Overview and Level Annotations

Branches:
Dungeon (6/15)
 Temple: D:4-7

Altars:
Fedhas
Ru
Sif Muna

Shops:
D:2 !

Annotations:
D:4 Grinder, Pikel


Message History

Pikel freezes you.
The searing ray hits Pikel!
Pikel is moderately wounded.
The searing ray misses the lemure.
Pikel misses you.
The searing ray hits Pikel!
Pikel is severely wounded.
The searing ray hits the lemure!
The lemure is moderately wounded.
You finish channelling your searing ray.
Pikel hits you with a +1 whip of freezing!
Pikel freezes you.
Casting: Searing Ray (safe; 2% risk of failure)
Confirm with . or Enter, or press ? or * to list all spells.
Aiming: Searing Ray (safe; 2% risk of failure)
Press: ? - help, Shift-Dir - straight line, f/p - lemure
Aim: a lemure (moderately wounded, 76% to hit)
The searing ray hits Pikel but does no damage.
Pikel is severely wounded.
The searing ray hits the lemure!
The lemure is severely wounded. (Press . to maintain the ray.) Pikel hits you with a +1 whip of freezing.
Pikel freezes you.
* * * LOW HITPOINT WARNING * * *
The searing ray hits Pikel.
Pikel is severely wounded.
The searing ray hits the lemure!
You kill the lemure!
That felt strangely unrewarding.
Pikel hits you with a +1 whip of freezing.
* * * LOW HITPOINT WARNING * * *
Pikel freezes you.
* * * LOW HITPOINT WARNING * * *
The searing ray hits Pikel!
Pikel is almost dead.
Pikel misses you.
The searing ray misses Pikel.
You finish channelling your searing ray.
Pikel hits you with a +1 whip of freezing.
You die...

#>.........###.......##### #.#
###....####..#......##.....####.#
.............#....#.##.....##....
...........................##.#>#
..................####.....##....
###..<.####.##...#####.....##....
#.........##.........######....
#...########...##.##.######.#.#
#...# ###@##.##).......... #...#
#.K..>...#####.#.# #...#
####.##...#......# #...#
#.#......##.#.# ####.##
#........##.#.# .....#
#...........#.. ###..#######
##.......###### #.........#
############## ##..#####.####
#......(......


You could see Pikel.

Vanquished Creatures
  A black bear (D:4)
  2 ogres (D:6)
  A centaur (D:6)
  A lemure (D:4)
  3 phantoms
  4 scorpions
  A necrophage (D:4)
  A jelly (D:6)
  An iguana (D:6)
  Jessica (D:3)
  2 gnolls
  6 adders
  An ufetubus (D:6)
  A worm (D:5)
  3 dart slugs (D:3)
  9 orcs
  7 endoplasms
  A giant cockroach (D:1)
  4 goblins
  3 hobgoblins
  3 jackals (D:5)
  2 quokkas
  3 ball pythons
  5 bats
  A frilled lizard (D:3)
  9 kobolds
  6 rats
82 creatures vanquished.

Vanquished Creatures (collateral kills)
  A hound (D:4)
1 creature vanquished.

Grand Total: 83 creatures vanquished

Notes
Turn   | Place    | Note
-------+----------+-------------------------------------------
     0 | D:1      | kingofthe the Deep Elf Conjurer began the quest for the
                  | Orb.
     0 | D:1      | Reached XP level 1. HP: 10/10 MP: 6/6
   347 | D:1      | Found a faded altar of an unknown god.
   359 | D:1      | Got Plato's Cyclopedia of Conjury and Breath
   568 | D:1      | Reached XP level 2. HP: 15/15 MP: 6/8
  1003 | D:2      | Learned a level 2 spell: Searing Ray
  1106 | D:2      | Reached skill level 3 in Dodging
  1172 | D:2      | Found Gomeilud's Distillery.
  1217 | D:2      | Reached XP level 3. HP: 10/19 MP: 0/9
  1387 | D:2      | Identified the +1 leather armour of the Trees {rElec}
  2100 | D:2      | Learned a level 1 spell: Shock
  2104 | D:2      | Learned a level 3 spell: Call Canine Familiar
  2143 | D:3      | You fall into a shaft and drop 3 floors!
  2147 | D:6      | Noticed a scorpion
  2151 | D:6      | Reached XP level 4. HP: 12/24 MP: 4/11
  2154 | D:6      | Killed a scorpion
  2155 | D:6      | Reached skill level 4 in Dodging
  2155 | D:6      | Reached skill level 5 in Conjurations
  2197 | D:6      | Noticed a scorpion
  2303 | D:6      | Noticed a scorpion
  2323 | D:6      | Killed a scorpion
  2324 | D:6      | Reached skill level 5 in Dodging
  2324 | D:6      | Reached XP level 5. HP: 23/28 MP: 5/13
  2411 | D:6      | Noticed a phantom
  2419 | D:6      | Killed a phantom
  2480 | D:6      | Reached skill level 6 in Dodging
  2480 | D:6      | Reached skill level 5 in Spellcasting
  2480 | D:6      | Reached XP level 6. HP: 32/32 MP: 11/15
  2591 | D:6      | Reached skill level 1 in Summonings
  2686 | D:6      | Reached skill level 1 in Air Magic
  2813 | D:6      | Reached XP level 7. HP: 17/36 MP: 11/17
  3000 | D:6      | Reached skill level 7 in Dodging
  3134 | D:5      | Entered Level 5 of the Dungeon
  3673 | D:3      | Found a sacrificial altar of Ru.
  3764 | D:3      | Found a blossoming altar of Fedhas.
  4275 | D:3      | Noticed Jessica
  4277 | D:3      | Killed Jessica
  4293 | D:3      | Found a shimmering blue altar of Sif Muna.
  4437 | D:3      | Became a worshipper of Sif Muna the Loreminder
  4884 | D:4      | Noticed Grinder
  4908 | D:4      | Reached XP level 8. HP: 41/41 MP: 13/19
  5254 | D:4      | Learned a level 1 spell: Summon Small Mammal
  5401 | D:4      | Learned a level 1 spell: Apportation
  5437 | D:5      | Noticed Pikel
  5457 | D:4      | Slain by Pikel

Illustrated notes

Levels and vault maps discovered:
D:1:      elethiomel_arrival_infinity_welcomes_careful_drivers,
          layout_loops_ring, shapermc_ecumenical_altar_rom_forum,
          grunt_decor_one_mirror, corexii_item_surrounded_by_moat, minivault_4,
          chequers_serial_rivers_micro_c, hex_medium
D:2:      layout_rooms, serial_shops, nicolae_shop_statue_plus
D:3:      layout_basic, fedhas_ov_isle_minmay, tgw_sif, nicolae_ru_awakened_eye,
          uniq_jessica
D:4:      layout_loops_cross, kennysheep_dice, uniq_grinder
D:5:      layout_basic, mainiacjoe_overflow_cross_hatched, uniq_prince_ribbit1,
          uniq_pikel
D:6:      layout_basic, kennysheep_mini, hangedman_abyss_or_decor_lesser_grid,
          serial_bayou_pond_b

Skill      XL: |  1  2  3  4  5  6  7 |
---------------+----------------------+-----
Dodging        | 3 5 6 7 |  7.9
Stealth        | 3 |  3.5
Spellcasting   | 4 5 6 |  6.6
Conjurations   | 5 |  5.3
Summonings     | 1 3 |  3.2
Air Magic      | 1 2 |  2.5
Armour         | |  0.5

Action                   |  1- 3 |  4- 6 |  7- 9 || total
-------------------------+-------+-------+-------++-------
 Cast: Magic Dart        |    56 |    17 |    86 ||   159
       Searing Ray       |     4 |    10 |    15 ||    29
       Call Canine Famil |       |       |     2 ||     2
Armor: Robe              |     1 |       |       ||     1
       Leather armour    |     2 |     1 |     4 ||     7
Dodge: Dodged            |     7 |    11 |    25 ||    43
